 Dungeon Crawl Stone Soup version 0.28.0-53-g5a82cb258f (webtiles) character file.

Game seed: 2528360963862553372

84 xXBigHaxxorXx the Chopper (level 4, 0/41 HPs)
             Began as a Minotaur Berserker on Aug 8, 2022.
             Was a Believer of Trog.
             Slain by a gnoll
             ... wielding a +0 halberd
              (6 damage)
             ... on level 3 of the Dungeon.
             The game lasted 00:09:27 (2118 turns).

xXBigHaxxorXx the Chopper (Minotaur Berserker)      Turns: 2118, Time: 00:09:28

Health: 0/41       AC:  3    Str: 24    XL:     4   Next: 23%
Magic:  3/3        EV: 12    Int:  4    God:    Trog [**....]
Gold:   75         SH:  0    Dex:  9    Spells: 3/3 levels left

rFire   . . .      SeeInvis .   a - +0 hand axe
rCold   . . .      Faith    .   (no shield)
rNeg    . . .      Spirit   .   b - +1 animal skin
rPois   .          Reflect  .   (helmet restricted)
rElec   .          Harm     .   (no cloak)
rCorr   +          Rampage  .   (no gloves)
Will    .....                   (no boots)
Stlth   +.........              (no amulet)
HPRegen 0.13/turn               e - ring of resist corrosion
MPRegen 0.08/turn               (no ring)

@: no status effects
A: horns 2, retaliatory headbutt
a: Renounce Religion, Berserk, Trog's Hand


You were on level 3 of the Dungeon.
You worshipped Trog.
Trog was pleased with you.
You visited 1 branch of the dungeon, and saw 3 of its levels.

You collected 75 gold pieces.

Inventory:

Hand Weapons
 a - a +0 hand axe (weapon)
 o - a +0 mace
Armour
 b - a +1 animal skin (worn)
 i - a +0 leather armour
 k - a +0 chain mail
Jewellery
 e - a ring of resist corrosion (left hand)
Scrolls
 c - 2 scrolls of enchant armour
 f - a scroll of enchant weapon {unknown}
 h - a scroll of noise {unknown}
 l - a scroll of fear {unknown}
 m - a scroll of identify {unknown}
 n - a scroll of fog {unknown}
Potions
 d - a potion of attraction {unknown}
 g - a potion of haste {unknown}
 j - a potion of lignification {unknown}


   Skills:
 + Level 4.4 Fighting
 + Level 4.4 Axes
 + Level 3.4 Armour
 + Level 3.0 Dodging


You had 3 spell levels left.
You didn't know any spells.
Your spell library was empty.

Dungeon Overview and Level Annotations

Branches:
Dungeon (3/15)

Altars:


Innate Abilities, Weirdness & Mutations

You have a pair of horns on your head.
You reflexively headbutt those who attack you in melee.


Message History

Trog accepts your kill.
A jackal comes into view.
You see here 14 gold pieces.
You now have 75 gold pieces (gained 14).
The jackal bites you but does no damage.
You barely miss the jackal. You headbutt the jackal.
The jackal is heavily wounded.
The jackal barely misses you. You furiously retaliate!
You headbutt the jackal!
You kill the jackal!
Trog accepts your kill.
A gnoll and a jackal come into view.
Found 7 gold pieces.
The gnoll shouts!
A jackal comes into view.
The jackal barks!
You hear a bark!
The gnoll barely misses you.
A gnoll comes into view. It is wielding a +0 spear.
The gnoll shouts!
The jackal pauses to sniff the ground.
The gnoll hits you from afar with a +0 halberd!
The gnoll barely misses you.
You closely miss the jackal. The jackal misses you. The gnoll misses you.
The gnoll hits you but does no damage. The jackal barely misses you.
You barely miss the jackal. You headbutt the jackal.
The jackal is moderately wounded.
The gnoll hits you from afar with a +0 halberd.
The jackal misses you. The gnoll barely misses you. The jackal bites you.
The gnoll closely misses you. You furiously retaliate!
You headbutt the gnoll. The gnoll hits you but does no damage.
The jackal barely misses you.
You barely miss the jackal.
The jackal is moderately wounded.
You hit the gnoll. The gnoll barely misses you. The jackal bites you.
The gnoll hits you from afar with a +0 spear.
The gnoll hits you with a +0 halberd!
* * * LOW HITPOINT WARNING * * *
The jackal bites you but does no damage.
The gnoll misses you.
The gnoll hits you from afar with a +0 halberd.
You die...

##.##.#..# .#..
.........##.#...
##.##..............
#..#.#..#####... #
#..#.#..#####P≈P##
#.##..#.#.....##PP.#_
#....gg.........P≈.#.
#..#h.##.#.##.##..#PP
#..#@.#.†.......PP#P.
.....................#..
..##.##..#...........#..
. .......#..#.##.##P#...
..# .##..#..#.##.##.#...
. ......#...........
............#.###.#
...................
##.##.#####.#####.#


You could see 2 gnolls and a jackal.

Vanquished Creatures
  2 adders (D:2)
  A worm (D:2)
  7 ball pythons (D:2)
  7 endoplasms
  4 giant cockroaches
  4 goblins (D:1)
  5 hobgoblins
  A jackal (D:3)
  7 kobolds
  3 quokkas
  6 bats
  6 frilled lizards
  5 rats
58 creatures vanquished.

Vanquished Creatures (others)
  3 plants (D:3)
3 creatures vanquished.

Grand Total: 61 creatures vanquished

Notes
Turn   | Place    | Note
-------+----------+-------------------------------------------
     0 | D:1      | xXBigHaxxorXx the Minotaur Berserker began the quest for
                  | the Orb.
     0 | D:1      | Reached XP level 1. HP: 19/19 MP: 0/0
   412 | D:1      | Reached XP level 2. HP: 22/27 MP: 1/1
   945 | D:1      | Reached ** piety under Trog
   960 | D:1      | Reached XP level 3. HP: 26/33 MP: 2/2
  1593 | D:2      | Reached XP level 4. HP: 34/40 MP: 3/3
  2054 | D:3      | Found a faded altar of an unknown god.
  2118 | D:3      | Slain by a gnoll

Illustrated notes

Levels and vault maps discovered:
D:1:      lemuel_arrival_room, layout_loops_corners
D:2:      layout_loops_ring
D:3:      lemuel_castle_with_subvaults [lemuel_castle_interior_carwin_2],
          layout_basic, fedhas_altar_2,
          shapermc_ecumenical_altar_mp_ritualfount, kennysheep_generic_room_14

Skill      XL: |  1  2  3 |
---------------+----------+-----
Fighting       | 4 |  4.4
Axes           | 4 |  4.4
Armour         | 3 |  3.4
Dodging        | 3 |  3.0

Action                   |  1- 3 |  4- 6 || total
-------------------------+-------+-------++-------
Melee: Hand axe          |   108 |    27 ||   135
       Headbutt          |    11 |     5 ||    16
       Punch             |     1 |       ||     1
  Use: Scroll            |     1 |       ||     1
Armor: Animal skin       |    24 |     9 ||    33
Dodge: Dodged            |    61 |    28 ||    89
